 Dungeon Crawl Stone Soup version 0.29.1-15-g9cfb28693d (webtiles) character file.

Game seed: 1801481800435161911

321 Peloso the Covered (level 6, -17/53 HPs)
             Began as a Minotaur Fighter on Apr 20, 2023.
             Demolished by an orc wizard
             ... wielding a +2 dagger of electrocution
              (20 damage)
             ... on level 4 of the Dungeon.
             The game lasted 00:06:07 (3021 turns).

Peloso the Covered (Minotaur Fighter)               Turns: 3021, Time: 00:06:07

Health: -17/53     AC:  7    Str: 20    XL:     6   Next: 22%
Magic:  5/5        EV: 10    Int:  5    God:
Gold:   207        SH:  5    Dex: 16    Spells: 5/5 levels left

rFire   . . .      SeeInvis .   a - +2 falchion "Huofo" {vorpal, rN+ Dex+4}
rCold   . . .      Faith    .   d - +0 buckler
rNeg    + . .      Spirit   .   f - +0 scale mail
rPois   .          Reflect  .   (helmet restricted)
rElec   .          Harm     .   (no cloak)
rCorr   .          Rampage  .   (no gloves)
Will    .....                   (no boots)
Stlth   ..........              (no amulet)
HPRegen 0.17/turn               (no ring)
MPRegen 0.09/turn               (no ring)

@: no status effects
A: horns 2, retaliatory headbutt, mutation resistance 1
a: no special abilities


You were on level 4 of the Dungeon.
You visited 1 branch of the dungeon, and saw 4 of its levels.

You collected 207 gold pieces.

Inventory:

Hand Weapons
 a - the +2 falchion "Huofo" (weapon) {vorpal, rN+ Dex+4}
   (You found it on level 3 of the Dungeon)

   It inflicts extra damage upon your enemies.
   Dex:       It affects your dexterity (+4).
   rN:        It protects you from negative energy.
 b - a +2 spear of flaming
 c - a +0 long sword
Armour
 d - a +0 buckler (worn)
 f - a +0 scale mail (worn)
Jewellery
 k - a ring of magical power
Scrolls
 g - a scroll of teleportation
 i - a scroll of enchant armour {unknown}
 j - 2 scrolls of amnesia {unknown}
Potions
 e - 2 potions of flight
 h - 2 potions of magic
 l - 2 potions of berserk rage
 m - 3 potions of might


   Skills:
 + Level 4.7 Fighting
 + Level 5.1 Long Blades
 + Level 5.3 Armour
 + Level 1.5 Dodging
 + Level 0.3 Stealth
 + Level 4.4 Shields


You had 5 spell levels left.
You didn't know any spells.
Your spell library contained the following spells:

 Spells                   Type           Power      Damage    Failure   Level
 Stone Arrow              Conj/Erth      0%         3d7       99%         3
 Animate Armour           Summ/Erth      0%         N/A       100%        4
 Lehudib's Crystal Spear  Conj/Erth      0%         10d2      100%        8


Dungeon Overview and Level Annotations

Branches:
Dungeon (4/15)
 Temple: D:4-7

Altars:
Fedhas

Shops:
D:1 ([!(


Innate Abilities, Weirdness & Mutations

You have a pair of horns on your head.
You reflexively headbutt those who attack you in melee.
You are somewhat resistant to further mutation.


Message History

The orc priest closely misses you. You furiously retaliate!
You headbutt the orc priest.
Unknown command.
You hit the orc priest but do no damage.
The orc priest is heavily wounded.
The orc priest misses you.
Unknown command.
You hit the orc priest. You headbutt the orc priest.
You kill the orc priest!
The adder bites you but does no damage.
Your Long Blades skill increases to level 5!
Unknown command.
You slash the adder! You headbutt the adder.
You kill the adder!
Unknown command.
You hit the ball python.
You kill the ball python!
Unknown command.
You closely miss the ball python. Your headbutt misses the ball python.
You block the ball python's attack. x2
Unknown command.
You hit the ball python. Your headbutt misses the ball python.
The ball python is heavily wounded.
The ball python closely misses you. You block the ball python's attack. x3
Unknown command.
You slash the ball python!
You kill the ball python!
Unknown command.
You hit the hobgoblin.
You kill the hobgoblin!
The endoplasm jiggles.
Unknown command.
You hit the kobold.
You kill the kobold!
Unknown command.
You slash the endoplasm!
You kill the endoplasm!
Unknown command.
Something hits you but does no damage.
You are electrocuted!!
You die...

....... .......
....... ..... .
.... ... ..#
..J. #####.# #
..g.# #K{@..# ..
..$..##o##### ..
#..........# ..
#$.....KS..# .
..
...........###..
.
...........#....
. ........?....#
...........### #
#...........#


You could see an orc wizard and a kobold.

Vanquished Creatures
  A jelly (D:3)
  An orc priest (D:4)
  A gnoll bouda (D:4)
  Natasha (twice) (D:2)
  An iguana (D:4)
  3 gnolls (D:4)
  7 adders
  A worm (D:2)
  2 dart slugs (D:1)
  An orc (D:3)
  7 bats
  6 endoplasms
  4 giant cockroaches
  6 goblins
  4 hobgoblins
  4 kobolds
  9 ball pythons
  6 frilled lizards
  2 rats
68 creatures vanquished.

Vanquished Creatures (others)
  A fungus (D:2)
1 creature vanquished.

Grand Total: 69 creatures vanquished

Notes
Turn   | Place    | Note
-------+----------+-------------------------------------------
     0 | D:1      | Peloso the Minotaur Fighter began the quest for the Orb.
     0 | D:1      | Reached XP level 1. HP: 19/19 MP: 0/0
   277 | D:1      | Found Leepapre's Distillery.
   363 | D:1      | Reached XP level 2. HP: 22/27 MP: 1/1
   438 | D:1      | Found Yceqoole's Weapon Emporium.
   601 | D:1      | Found Immisowk's Armour Shoppe.
   818 | D:1      | Found Vihuguip's Antique Weapon Shoppe.
  1052 | D:2      | Reached XP level 3. HP: 28/33 MP: 2/2
  1235 | D:2      | Found a faded altar of an unknown god.
  1615 | D:2      | Noticed Natasha
  1621 | D:2      | Killed Natasha
  1637 | D:2      | Noticed Natasha
  1646 | D:2      | Killed Natasha
  1647 | D:2      | Reached XP level 4. HP: 19/41 MP: 3/3
  1901 | D:3      | Reached skill level 1 in Dodging
  2021 | D:3      | Reached XP level 5. HP: 47/47 MP: 4/4
  2118 | D:3      | Identified the +2 falchion "Huofo" {vorpal, rN+ Dex+4}
  2432 | D:4      | Found a blossoming altar of Fedhas.
  2643 | D:4      | Reached skill level 5 in Armour
  2960 | D:4      | Reached XP level 6. HP: 37/53 MP: 5/5
  3007 | D:4      | HP: 2/53 [poisoned by an adder]
  3008 | D:4      | Gained mutation: You are somewhat resistant to further
                  | mutation. [potion of mutation]
  3013 | D:4      | Reached skill level 5 in Long Blades
  3021 | D:4      | Demolished by an orc wizard

Illustrated notes

Levels and vault maps discovered:
D:1:      wander_arrival_fairy_ring, layout_loops_ring, serial_shops, shop,
          shop_statue, nicolae_shop_bloodbath_and_beyond,
          nicolae_shop_competitors_out_of_business, solitary_fountain
D:2:      layout_loops_cross, shapermc_ecumenical_altar_acropolis, uniq_natasha
D:3:      minmay_spotlight, layout_rooms,
          nicolae_concentric_dashed_squares_mild, hangedman_decor_points
D:4:      layout_rooms, fedhas_ov_isle_minmay, enter_ossuary_5, minmay_pentangle

Skill      XL: |  1  2  3  4  5  6 |
---------------+-------------------+-----
Fighting       | 4 |  4.7
Armour         | 4 5 |  5.3
Shields        | 4 |  4.4
Long Blades    | 3 4 5 |  5.1
Dodging        | 1 |  1.5
Stealth        | |  0.3

Action                   |  1- 3 |  4- 6 || total
-------------------------+-------+-------++-------
Melee: Long sword        |    80 |    29 ||   109
       Headbutt          |    13 |    13 ||    26
       Falchion          |       |    54 ||    54
  Use: Potion            |     4 |     3 ||     7
       Scroll            |     3 |     3 ||     6
Armor: Scale mail        |    46 |    61 ||   107
Dodge: Dodged            |    35 |    62 ||    97
Block: Buckler           |    13 |    34 ||    47
